 Dungeon Crawl Stone Soup version 0.17.1-3-g152610e (webtiles) character file.

24 DEFINITELYNOTMATTIAS the Ruffian (level 2, 0/29 HPs)
             Began as a Troll Monk on Mar 30, 2016.
             Killed from afar by Natasha (3 damage)
             ... with a magic dart
             ... on level 2 of the Dungeon.
             The game lasted 00:02:39 (738 turns).

DEFINITELYNOTMATTIAS the Ruffian (Troll Monk)        Turns: 738, Time: 00:02:39

Health: 0/29       AC:  5    Str: 18    XL:     2   Next: 79%
Magic:  1/1        EV: 10    Int:  6    God:
Gold:   59         SH:  0    Dex: 12    Spells: 0 memorised, 1 level left

rFire  . . .     SeeInvis .       - Unarmed
rCold  . . .     Clarity  .     a - +0 robe
rNeg   . . .     SustAt   .     (no shield)
rPois  .         Gourm    +     (helmet restricted)
rElec  .         Spirit   .     (no cloak)
rCorr  .         Warding  .     (gloves unavailable)
rMut   .         Stasis   .     (boots unavailable)
MR     .....                    (no amulet)
Stlth  +.........               (no ring)
                                (no ring)

@: confused, slowed, very slow, not resistant to hostile enchantments, very
unstealthy
A: unfitting armour, claws 3, fast metabolism 3, gourmand, regeneration 2,
shaggy fur 1, tough skin 2
a: no special abilities


You were on level 2 of the Dungeon.
You were completely stuffed.

You visited 1 branch of the dungeon, and saw 2 of its levels.

You collected 59 gold pieces.


Innate Abilities, Weirdness & Mutations

You are too large for most types of armour.
You have claws for hands.
Your metabolism is lightning-fast.
You like to eat raw meat.
You heal very quickly.
You are covered in fur (AC +1).
You have very tough skin (AC +2).


   Skills:
 + Level 2.6 Fighting
 + Level 2.7 Dodging
 - Level 1.1 Stealth
 + Level 4.4 Unarmed Combat


You had one spell level left.
You didn't know any spells.

Dungeon Overview and Level Annotations

Branches:
Dungeon (2/15)

Altars:

Annotations:
D:2 Natasha

Inventory:

Armour
 a - a +0 robe (worn)
Scrolls
 d - a scroll of fear {unknown}
 e - 2 scrolls of remove curse {unknown}
Potions
 c - a potion of brilliance {unknown}
 f - a potion of curing {unknown}
Comestibles
 b - 2 bread rations {@e1}
 g - 4 chunks of flesh

#.##......>... #.....
#..#.........
#.....###.#.......# #
#..........%......#.#
#..... #!.....%..#.#
#..... ###.........####
#..... ##.†..$........
#.....####.....h..[.....
#.....<...5@.......
#..................
#..................
#.[..##...##.(.....
#....###### #......
#....# ...... ######
...... ######


You could see Natasha and a white imp.


Message History

Natasha zaps a wand.
You resist with significant effort.
You're too confused!
The kobold barely misses you. The giant newt closely misses you.
Natasha extends her claws.
Natasha zaps a wand.
You are more confused.
You claw the kobold! Natasha casts a spell at you.
You resist with significant effort. The giant newt barely misses you.
Natasha zaps a wand.
You are more confused.
You scratch the giant newt.
Unknown command.
You see here a giant newt corpse.
You're too confused to move!
You miss Natasha.
Natasha zaps a wand.
You are more confused.
You miss Natasha.
Natasha mumbles some strange words.
You barely miss Natasha. Natasha casts a spell at you.
You feel yourself slow down.
Natasha zaps a wand.
You are more confused.
The white imp gestures at you. The puff of frost hits you!
Natasha zaps a wand.
You are more confused.
Natasha zaps a wand.
Nothing appears to happen.
The white imp barely misses you. The white imp gestures at you.
The puff of frost hits you! Natasha closely misses you. The white imp hits you.
* * * LOW HITPOINT WARNING * * *
The white imp freezes you.
* * * LOW HITPOINT WARNING * * *
Natasha claws you!
* * * LOW HITPOINT WARNING * * *
The white imp barely misses you.
You see here 12 gold pieces.
Unknown command.
Unknown command.
Natasha barely misses you. The white imp barely misses you.
Natasha casts a spell at you. The magic dart hits you!
You die...

Vault maps used:
D:1:      elethiomel_arrival_maze
D:2:      ecumenical_altar_1, uniq_natasha

Vanquished Creatures
  2 giant geckos (D:1)
  2 bats (D:1)
  A giant cockroach (D:1)
  4 hobgoblins
  2 jackals (D:1)
  A ball python (D:1)
  A giant newt (D:2)
  2 goblins
  4 kobolds
  A rat (D:1)
20 creatures vanquished.

Table legend:
 A = Turns spent in this place as a percentage of turns spent in the entire game.
 B = Non-inter-level travel turns spent in this place as a percentage of non-inter-level travel turns spent in the entire game.
 C = Inter-level travel turns spent in this place as a percentage of turns spent in this place.
 D = Turns resting spent in this place as a percentage of non-inter-level travel turns spent in this place.
 E = Turns spent auto-exploring this place as a percentage of non-inter-level travel turns spent in this place.
 F = Non-inter-level travel turns spent in this place divided by the number of levels of this place that you've seen.
                   A       B       C       D       E      F
               +-------+-------+-------+-------+-------+----------------------
         Total | 100.0 | 100.0 |   0.3 |   0.7 |  13.7 | 145.5
       Dungeon | 100.0 | 100.0 |   0.3 |   0.7 |  13.7 | 145.5
               +-------+-------+-------+-------+-------+----------------------

Table legend:
 A = Kills in this place as a percentage of kills in entire the game.
 B = Kills by you in this place as a percentage of kills by you in the entire game.
 C = Kills by friends in this place as a percentage of kills by friends in the entire game.
 D = Other kills in this place as a percentage of other kills in the entire game.
 E = Experience gained in this place as a percentage of experience gained in the entire game.
 F = Experience gained in this place divided by the number of levels of this place that you have seen.
                   A       B       C       D       E      F
               +-------+-------+-------+-------+-------+----------------------
         Total | 100.0 | 100.0 |  -nan |  -nan | 100.0 |  17.5
       Dungeon | 100.0 | 100.0 |  -nan |  -nan | 100.0 |  17.5
               +-------+-------+-------+-------+-------+----------------------

Notes
Turn   | Place    | Note
--------------------------------------------------------------
     0 | D:1      | DEFINITELYNOTMATTIAS the Troll Monk began the quest for the Orb.
     0 | D:1      | Reached XP level 1. HP: 22/22 MP: 0/0
   197 | D:1      | Reached XP level 2. HP: 26/29 MP: 1/1
   713 | D:2      | Noticed Natasha
   736 | D:2      | HP: 1/29 [Natasha (8)]
   738 | D:2      | Killed from afar by Natasha

Action                   || total
-------------------------++-------
Melee: Unarmed           ||    55
 Stab: Sleeping          ||     2
  Eat: Chunk             ||    12
